 Dungeon Crawl Stone Soup version 0.29.1-2-gbd0b4ee654 (webtiles) character file.

Game seed: 1756105176265519847

253 GigaChad the Covered (level 5, -7/47 HPs)
             Began as a Minotaur Fighter on Nov 22, 2022.
             Was a Priest of Uskayaw.
             Mangled by Duvessa
             ... wielding a +0 short sword
              (13 damage)
             ... on level 4 of the Dungeon.
             The game lasted 00:05:56 (2560 turns).

GigaChad the Covered (Minotaur Fighter)             Turns: 2560, Time: 00:05:56

Health: -7/47      AC:  8    Str: 22    XL:     5   Next: 90%
Magic:  4/4        EV:  9    Int:  5    God:    Uskayaw [***...]
Gold:   221        SH:  4    Dex: 10    Spells: 4/4 levels left

rFire   . . .      SeeInvis .   a - +0 war axe
rCold   . . .      Faith    .   c - +0 buckler
rNeg    . . .      Spirit   .   b - +1 scale mail
rPois   .          Reflect  .   (helmet restricted)
rElec   .          Harm     .   (no cloak)
rCorr   .          Rampage  .   (no gloves)
Will    .....                   (no boots)
Stlth   ..........              (no amulet)
HPRegen 0.15/turn               (no ring)
MPRegen 0.09/turn               (no ring)

@: no status effects
A: horns 2, retaliatory headbutt
a: Renounce Religion, Stomp, Line Pass


You were on level 4 of the Dungeon.
You worshipped Uskayaw.
Uskayaw was noncommittal.
You visited 1 branch of the dungeon, and saw 4 of its levels.

You collected 221 gold pieces.

Inventory:

Hand Weapons
 a - a +0 war axe (weapon)
Missiles
 i - 2 javelins (quivered)
 m - 5 silver javelins
Armour
 b - a +1 scale mail (worn)
 c - a +0 buckler (worn)
Wands
 h - a wand of iceblast (5)
 p - a wand of charming (4)
Scrolls
 e - a scroll of butterflies
 f - a scroll of fear {unknown}
 g - 2 scrolls of teleportation
 k - a scroll of amnesia
 l - 4 scrolls of identify
Potions
 d - a potion of might
 j - 2 potions of heal wounds {unknown}
 n - a potion of magic {unknown}
 o - a potion of curing {unknown}


   Skills:
 * Level 4.9 Fighting
 + Level 4.7 Axes
 * Level 5.1 Armour
 * Level 4.7 Shields


You had 4 spell levels left.
You didn't know any spells.
Your spell library contained the following spells:

 Spells                   Type           Power      Damage    Failure   Level
 Summon Small Mammal      Summ           0%         N/A       86%         1
 Call Canine Familiar     Summ           0%         N/A       99%         3
 Summon Guardian Golem    Hex/Summ       0%         N/A       99%         3


Dungeon Overview and Level Annotations

Branches:
Dungeon (4/15)
 Temple: D:4-7

Altars:
Uskayaw
Wu Jian

Annotations:
D:4 Duvessa


Innate Abilities, Weirdness & Mutations

You have a pair of horns on your head.
You reflexively headbutt those who attack you in melee.


Message History

You slash the ball python!
You kill the ball python!
You block Duvessa's attack.
You hit Duvessa but do no damage. Duvessa barely misses you.
Duvessa hits you with a +0 short sword!
You slash Duvessa! You headbutt Duvessa.
Duvessa is moderately wounded.
You block Duvessa's attack. Duvessa hits you with a +0 short sword.
Uskayaw will force your foes to helplessly watch your dance.
Uskayaw prepares the audience for your solo!
The helpless Duvessa fails to defend herself.
You hit Duvessa.
Duvessa is heavily wounded.
Duvessa is no longer paralysed.
You block Duvessa's attack. Duvessa hits you with a +0 short sword!
You barely miss Duvessa. You headbutt Duvessa.
Duvessa is heavily wounded.
Duvessa barely misses you. Duvessa hits you with a +0 short sword!
* * * LOW HITPOINT WARNING * * *
You barely miss Duvessa. You headbutt Duvessa.
Duvessa is heavily wounded.
You block Duvessa's attack. x2
You hit Duvessa but do no damage. You headbutt Duvessa.
Duvessa is heavily wounded.
Duvessa hits you with a +0 short sword.
* * * LOW HITPOINT WARNING * * *
Duvessa closely misses you.
You closely miss Duvessa.
Duvessa is heavily wounded.
Duvessa closely misses you. You block Duvessa's attack.
You hit Duvessa but do no damage.
Duvessa is heavily wounded.
Duvessa hits you with a +0 short sword.
* * * LOW HITPOINT WARNING * * *
Duvessa hits you with a +0 short sword.
* * * LOW HITPOINT WARNING * * *
You hit Duvessa.
Duvessa is severely wounded.
Duvessa hits you with a +0 short sword!
You die...

.......<#
........# ##
.
..##.##.##..
.# ####..#.#
..# #.....#.#
..
#.....#.#.#
#.....#...#
#.>...e######
#.....@.....#
#...........#
#############


You could see Duvessa (berserk).

Vanquished Creatures
  Dowan (D:4)
  2 iguanas (D:3)
  Ijyb (D:3)
  4 adders
  2 dart slugs
  An orc (D:3)
  5 bats
  10 endoplasms
  3 giant cockroaches
  11 goblins
  5 hobgoblins
  9 jackals
  3 quokkas
  7 ball pythons
  5 frilled lizards
  7 kobolds
  6 rats
82 creatures vanquished.

Notes
Turn   | Place    | Note
-------+----------+-------------------------------------------
     0 | D:1      | GigaChad the Minotaur Fighter began the quest for the Orb.
     0 | D:1      | Reached XP level 1. HP: 19/19 MP: 0/0
   195 | D:1      | Reached XP level 2. HP: 26/27 MP: 1/1
   296 | D:1      | Reached skill level 4 in Armour
   606 | D:1      | Reached XP level 3. HP: 33/33 MP: 2/2
   634 | D:1      | Found a faded altar of an unknown god.
   663 | D:1      | Prayed at the altar of an unknown god.
   663 | D:1      | Became a worshipper of Uskayaw the Reveller
   663 | D:1      | Reached * piety under Uskayaw
   973 | D:2      | Reached ** piety under Uskayaw
  1234 | D:2      | Reached XP level 4. HP: 40/40 MP: 3/3
  1481 | D:3      | Found an ornate altar of the Wu Jian Council.
  2067 | D:3      | Noticed Ijyb
  2091 | D:3      | Killed Ijyb
  2092 | D:3      | Reached XP level 5. HP: 37/47 MP: 4/4
  2348 | D:3      | Reached skill level 5 in Armour
  2541 | D:4      | Noticed Dowan
  2542 | D:4      | Noticed Duvessa
  2548 | D:4      | Killed Dowan
  2553 | D:4      | Reached *** piety under Uskayaw
  2560 | D:4      | Mangled by Duvessa

Illustrated notes

Levels and vault maps discovered:
D:1:      matt_arrival_los_fun, layout_basic, ebering_ecumenical_altar_rust
D:2:      layout_rooms, serial_curves, eino_curves_04, eino_curves_03,
          serial_bayou_pond_e
D:3:      kennysheep_goblin_castle, layout_basic, general_overflow_altar
D:4:      minmay_door_path, layout_gridville, marbit_many_paths,
          nicolae_qazlal_scattered_showers, mainiacjoe_overflow_swirl,
          minmay_temple_entry_junction, uniq_robin, uniq_duvessa, uniq_ijyb

Skill      XL: |  1  2  3  4  5 |
---------------+----------------+-----
Armour         | 4 5 |  5.1
Fighting       | 4 |  4.9
Shields        | 4 |  4.7
Axes           | 3 4 |  4.7

Action                   |  1- 3 |  4- 6 || total
-------------------------+-------+-------++-------
Melee: War axe           |    93 |    88 ||   181
       Headbutt          |     8 |    12 ||    20
Throw: Javelin           |     5 |       ||     5
  Use: Scroll            |     6 |       ||     6
 Stab: Paralysed         |       |     1 ||     1
Armor: Scale mail        |    81 |    50 ||   131
Dodge: Dodged            |    69 |    52 ||   121
Block: Buckler           |    38 |    32 ||    70
